Canadiens vs Devils
Created - June 29, 2022 at 07:12
Goals
|
| Canadiens |
0 |
2 |
2 |
4 |
| Devils |
2 |
2 |
2 |
6 |
|
Shots
|
| Canadiens |
8 |
13 |
18 |
39 |
| Devils |
12 |
6 |
13 |
31 |
|
1st period
1. Devils , Marian Gaborik 19 (Nazem Kadri 51, Thomas McCollum) at 9:34
2. Devils , Tyler Ennis 44 (Marian Gaborik 40, Michael Del Zotto 30) at 10:37 (PP)
Penalties :
Jean-Gabriel Pageau (Mon) for Tripping (Minor) at 10:05, Zach Parise (N.J) for Boarding (Minor) at 12:15
2nd period
3. Canadiens , Steve Downie 18 (Jean-Gabriel Pageau 40, Greg Stewart 36) at 0:59
4. Devils , Zach Parise 15 (Brian McGrattan 19, Jamie Arniel 31) at 1:32
5. Canadiens , Nick Spaling 10 (Cam Fowler 36) at 10:33
6. Devils , Marian Gaborik 20 (Anton Stralman 34) at 18:28
Penalties :
Jean-Gabriel Pageau (Mon) for Tripping (Minor) at 1:39, Kevin Shattenkirk (Mon) for Tripping (Minor) at 14:04, Nazem Kadri (N.J) for Hooking (Minor) at 19:43
3rd period
7. Devils , Brian McGrattan 22 (Anton Lander 12, Michael Del Zotto 31) at 1:02 (SH)
8. Devils , Anton Stralman 8 (Nazem Kadri 52, Tyler Ennis 46) at 6:49
9. Canadiens , Jean-Gabriel Pageau 20 (Greg Stewart 37, Cam Fowler 37) at 7:28
10. Canadiens , Tyler Kennedy 18 (Brandon Bollig 10) at 15:30
Penalties :
Mark Fistric (N.J) for Interference (Minor) at 2:26, Nazem Kadri (N.J) for Roughing (Minor) at 10:29
Goalie Stats
Allen York (Mon), 12 saves from 14 shots - (0.857), L, 5-6-2, 21:32 minutes
Kristers Gudlevskis (Mon), 13 saves from 17 shots - (0.765), 38:28 minutes
Thomas McCollum (N.J), 35 saves from 39 shots - (0.897), W, 12-9-1, 60:00 minutes
Players Stats for Canadiens
Player Name G A P +/- PIM S H SB GA TA FO MP PP MP PK MP
------------------------------------------------------------------------------------
Anton Volchenkov 0 0 0 -1 0 0 1 1 0 1 0/0 10:57 0:00 0:00
Brandon Bollig 0 1 1 0 0 1 0 0 0 0 0/0 12:59 1:20 1:05
Brian Dumoulin 0 0 0 -1 0 0 0 1 0 0 0/0 13:16 0:00 2:37
Bryce Lampman 0 0 0 -2 0 1 1 1 0 0 0/0 19:54 2:37 1:53
Cam Fowler 0 2 2 0 0 1 1 1 0 0 0/0 25:38 5:19 2:37
Chad Larose 0 0 0 0 0 0 0 0 0 0 0/0 8:17 0:00 2:26
Chris Kreider 0 0 0 -2 0 7 5 0 0 2 0/1 21:26 3:47 0:18
Greg Stewart 0 2 2 1 0 4 2 0 0 0 0/0 16:37 2:49 0:00
Henrik Sedin 0 0 0 0 0 5 0 0 0 1 3/5 13:02 1:26 1:11
Jean-Gabriel Pageau 1 1 2 1 4 5 1 1 0 1 7/20 18:14 2:49 1:00
Jordan Szwarz 0 0 0 0 0 0 0 0 1 0 0/0 7:22 1:20 0:00
Kevin Shattenkirk 0 0 0 2 2 1 1 1 0 0 0/0 26:52 5:19 0:00
Mark Stuart 0 0 0 0 0 0 2 2 0 0 0/0 23:25 2:37 1:53
Mika Zibanejad 0 0 0 -2 0 4 4 0 1 0 16/30 20:43 3:41 0:11
Nick Spaling 1 0 1 0 0 2 0 0 0 0 2/3 6:32 0:00 0:41
Phil Kessel 0 0 0 -2 0 1 0 1 0 0 1/1 20:50 3:47 0:00
Steve Downie 1 0 1 1 0 5 3 1 0 0 2/2 16:37 2:49 0:00
Tyler Kennedy 1 0 1 0 0 2 0 0 0 1 0/3 12:46 0:00 2:08
Players Stats for Devils
Player Name G A P +/- PIM S H SB GA TA FO MP PP MP PK MP
------------------------------------------------------------------------------------
Aleksander Barkov 0 0 0 0 0 2 1 0 0 0 4/9 14:06 1:42 0:27
Anton Lander 0 1 1 2 0 1 1 0 0 0 3/5 8:46 0:00 1:45
Anton Stralman 1 1 2 3 0 3 0 0 0 1 0/0 25:21 1:38 5:29
Brian McGrattan 1 1 2 0 0 4 3 0 0 0 0/1 15:57 0:04 1:45
Eric Tangradi 0 0 0 1 0 1 0 1 0 0 0/0 8:25 0:00 1:17
Jamie Arniel 0 1 1 -1 0 1 0 0 0 0 7/19 19:05 0:13 5:05
Jonathan Huberdeau 0 0 0 0 0 2 1 0 1 0 1/1 13:32 1:42 0:18
Kristopher Letang 0 0 0 2 0 2 3 0 0 0 0/0 21:49 2:52 0:49
Marek Svatos 0 0 0 0 0 1 1 1 0 0 0/0 13:11 1:42 0:00
Marian Gaborik 2 1 3 0 0 3 0 0 0 0 0/1 17:33 2:44 0:00
Mark Fistric 0 0 0 3 2 0 2 1 0 0 0/0 17:06 0:00 1:38
Matt Donovan 0 0 0 -4 0 1 2 3 0 1 0/0 18:53 0:00 5:29
Michael Del Zotto 0 2 2 2 0 1 1 1 2 0 0/0 21:30 2:52 2:27
Miikka Salomaki 0 0 0 1 0 1 0 0 1 0 0/0 6:40 0:00 0:00
Nazem Kadri 0 2 2 0 4 2 0 0 0 0 14/22 17:37 2:35 0:00
Thomas Hickey 0 0 0 -4 0 1 1 1 0 0 0/0 15:48 1:38 0:00
Tyler Ennis 1 1 2 0 0 3 1 0 1 0 4/6 18:44 2:34 1:24
Zach Parise 1 0 1 -1 2 2 2 0 1 0 1/1 17:57 0:14 3:51
3 Stars
1 - Marian Gaborik (N.J)
2 - Anton Stralman (N.J)
3 - Brian McGrattan (N.J)
Power Play
Canadiens - 0 on 4 Attempt(s) - 0.00%
Devils - 1 on 3 Attempt(s) - 33.33%
Penalty Kill
Canadiens - 2 on 3 Attempt(s) - 66.67%
- Score 0 goal in Penalty Kill
Devils - 4 on 4 Attempt(s) - 100.00%
- Score 1 goal in Penalty Kill
Team Stat
Canadiens - Hits : 21 - Faceoff Wins : 31 - Blocked Shots : 10 - Penalty Minutes : 6
Devils - Hits : 19 - Faceoff Wins : 34 - Blocked Shots : 8 - Penalty Minutes : 8
Official
Referees : Garrett Rank and Marc Joannette
Linesman : Ryan Gibbons and Greg Devorski
Game Notes
Allen York enters game at 18:28 of 2nd period
Finance
Level 1 -- Attendance: 6000 (100.00%) -- Ticket Income $600,000
Level 2 -- Attendance: 4759 (95.18%) -- Ticket Income $285,540
Level 3 -- Attendance: 1886 (94.30%) -- Ticket Income $66,010
Level 4 -- Attendance: 4000 (100.00%) -- Ticket Income $100,000
Luxury Box -- Attendance: 977 (97.70%) -- Ticket Income $195,400
Game was played at the Prudential Center.
Total Attendance: 17622 (97.90%)
Total Ticket Income: $1,246,950
Other Income: $187,042
Total Income: $1,433,992
Canadiens
5 vs 5 Forward
Center Left Wing Right Wing Time % Phy DF OF
1 Mika Zibanejad Chris Kreider Phil Kessel 40 0 1 4
2 Jean-Gabriel Pageau Greg Stewart Steve Downie 35 1 2 2
3 Henrik Sedin Brandon Bollig Tyler Kennedy 20 1 2 2
4 Nick Spaling Chad Larose Jordan Szwarz 5 1 2 2
5 vs 5 Defense
Defense Defense Time % Phy DF OF
1 Kevin Shattenkirk Mark Stuart 40 0 2 3
2 Bryce Lampman Cam Fowler 30 1 2 2
3 Anton Volchenkov Brian Dumoulin 20 1 2 2
4 Kevin Shattenkirk Cam Fowler 10 1 2 2
PowerPlay Forward
Center Left Wing Right Wing Time % Phy DF OF
1 Mika Zibanejad Chris Kreider Phil Kessel 60 0 0 5
2 Jean-Gabriel Pageau Greg Stewart Steve Downie 40 0 0 5
PowerPlay Defense
Defense Defense Time % Phy DF OF
1 Kevin Shattenkirk Cam Fowler 60 0 0 5
2 Bryce Lampman Mark Stuart 40 0 0 5
Penalty Kill 4 Players Forward
Center Wing Time % Phy DF OF
1 Jean-Gabriel Pageau Chad Larose 60 1 3 1
2 Nick Spaling Tyler Kennedy 40 1 3 1
Penalty Kill 4 Players Defense
Defense Defense Time % Phy DF OF
1 Brian Dumoulin Cam Fowler 60 1 3 1
2 Bryce Lampman Mark Stuart 40 1 3 1
Penalty Kill - 3 Players Forward
Forward Time % Phy DF OF
1 Nick Spaling 60 0 5 0
2 Henrik Sedin 40 0 5 0
Penalty Kill - 3 Players Defense
Defense Defense Time % Phy DF OF
1 Mark Stuart Brian Dumoulin 60 1 4 0
2 Anton Volchenkov Kevin Shattenkirk 40 1 4 0
4 vs 4 Forward
Center Wing Time % Phy DF OF
1 Mika Zibanejad Chris Kreider 60 1 2 2
2 Henrik Sedin Phil Kessel 40 1 2 2
4 vs 4 Defense
Defense Defense Time % Phy DF OF
1 Kevin Shattenkirk Cam Fowler 60 1 2 2
2 Bryce Lampman Mark Stuart 40 1 2 2
Last Minutes Offensive
Center Left Wing Right Wing Defense Defense
Jean-Gabriel Pageau Chris Kreider Phil Kessel Kevin Shattenkirk Cam Fowler
Last Minutes Defensive
Center Left Wing Right Wing Defense Defense
Jean-Gabriel Pageau Chris Kreider Phil Kessel Kevin Shattenkirk Cam Fowler
Goaltenders
Starting : Kristers Gudlevskis
Backup : Allen York
Extra Forwards
Normal : Chris Kreider, Mika Zibanejad, Phil Kessel - PP : Chris Kreider, Mika Zibanejad - PK : Tyler Kennedy
Extra Defensemen
Normal : Kevin Shattenkirk, Cam Fowler, Bryce Lampman - PP : Kevin Shattenkirk - PK : Mark Stuart, Bryce Lampman
Penalty Shots
Chris Kreider, Jean-Gabriel Pageau, Phil Kessel, Greg Stewart, Mika Zibanejad
Scratches
Philip Larsen (Healthy)
Devils
5 vs 5 Forward
Center Left Wing Right Wing Time % Phy DF OF
1 Nazem Kadri Tyler Ennis Marian Gaborik 34 0 2 3
2 Jamie Arniel Zach Parise Brian McGrattan 30 0 3 2
3 Aleksander Barkov Jonathan Huberdeau Marek Svatos 26 0 2 3
4 Anton Lander Eric Tangradi Miikka Salomaki 10 0 2 3
5 vs 5 Defense
Defense Defense Time % Phy DF OF
1 Anton Stralman Kristopher Letang 38 0 3 2
2 Michael Del Zotto Mark Fistric 34 0 3 2
3 Matt Donovan Thomas Hickey 28 0 3 2
4 Anton Stralman Kristopher Letang 0 0 3 2
PowerPlay Forward
Center Left Wing Right Wing Time % Phy DF OF
1 Nazem Kadri Tyler Ennis Marian Gaborik 60 0 1 4
2 Aleksander Barkov Jonathan Huberdeau Marek Svatos 40 0 1 4
PowerPlay Defense
Defense Defense Time % Phy DF OF
1 Michael Del Zotto Kristopher Letang 60 0 2 3
2 Anton Stralman Thomas Hickey 40 0 2 3
Penalty Kill 4 Players Forward
Center Wing Time % Phy DF OF
1 Jamie Arniel Zach Parise 60 1 4 0
2 Anton Lander Brian McGrattan 40 1 4 0
Penalty Kill 4 Players Defense
Defense Defense Time % Phy DF OF
1 Anton Stralman Matt Donovan 60 1 4 0
2 Mark Fistric Michael Del Zotto 40 1 4 0
Penalty Kill - 3 Players Forward
Forward Time % Phy DF OF
1 Tyler Ennis 60 0 4 1
2 Jamie Arniel 40 0 4 1
Penalty Kill - 3 Players Defense
Defense Defense Time % Phy DF OF
1 Anton Stralman Kristopher Letang 60 1 4 0
2 Michael Del Zotto Mark Fistric 40 1 4 0
4 vs 4 Forward
Center Wing Time % Phy DF OF
1 Nazem Kadri Tyler Ennis 60 0 2 3
2 Jamie Arniel Zach Parise 40 0 2 3
4 vs 4 Defense
Defense Defense Time % Phy DF OF
1 Anton Stralman Kristopher Letang 60 0 3 2
2 Michael Del Zotto Mark Fistric 40 0 3 2
Last Minutes Offensive
Center Left Wing Right Wing Defense Defense
Nazem Kadri Tyler Ennis Marian Gaborik Michael Del Zotto Kristopher Letang
Last Minutes Defensive
Center Left Wing Right Wing Defense Defense
Jamie Arniel Zach Parise Brian McGrattan Anton Stralman Kristopher Letang
Goaltenders
Starting : Thomas McCollum
Backup : Maxime Daigneault
Extra Forwards
Normal : Jonathan Huberdeau, Zach Parise, Aleksander Barkov - PP : Zach Parise, Jamie Arniel - PK : Tyler Ennis
Extra Defensemen
Normal : Kristopher Letang, Matt Donovan, Mark Fistric - PP : Anton Stralman - PK : Kristopher Letang, Matt Donovan
Penalty Shots
Nazem Kadri, Tyler Ennis, Marian Gaborik, Aleksander Barkov, Jamie Arniel
Scratches
Chris Stewart (Healthy), Mike Weber (Healthy)
% Time on Ice - Canadiens
Lines # - Real PCT - Wanted PCT - Time Play
Normal Forward
1 - 37% - 40% - 17:46
2 - 30% - 35% - 14:02
3 - 21% - 20% - 9:55
4 - 12% - 5% - 5:51
Normal Defense
1 - 41% - 40% - 19:31
2 - 32% - 30% - 15:09
3 - 22% - 20% - 10:39
4 - 5% - 10% - 2:15
PP Forward
1 - 48% - 60% - 3:47
2 - 52% - 40% - 4:09
PP Defense
1 - 67% - 60% - 5:19
2 - 33% - 40% - 2:37
PK Forward
1 - 85% - 60% - 3:49
2 - 15% - 40% - 0:41
PK Defense
1 - 58% - 60% - 2:37
2 - 42% - 40% - 1:53
PK3 Forward
1 - 0% - 60%
2 - 0% - 40%
PK3 Defense
1 - 0% - 60%
2 - 0% - 40%
44 Forward
1 - 0% - 60%
2 - 0% - 40%
44 Defense
1 - 0% - 60%
2 - 0% - 40%
Last Minute Offensive - 0:00
Last Minute Defensive - 0:00
Total
Forward - 60:00
Defense - 60:00
|
% Time on Ice - Devils
Lines # - Real PCT - Wanted PCT - Time Play
Normal Forward
1 - 34% - 34% - 16:19
2 - 28% - 30% - 13:06
3 - 24% - 26% - 11:29
4 - 14% - 10% - 6:40
Normal Defense
1 - 37% - 38% - 17:46
2 - 35% - 34% - 16:39
3 - 28% - 28% - 13:09
4 - 0% - 0% - 0:00
PP Forward
1 - 62% - 60% - 2:48
2 - 38% - 40% - 1:42
PP Defense
1 - 64% - 60% - 2:52
2 - 36% - 40% - 1:38
PK Forward
1 - 78% - 60% - 6:11
2 - 22% - 40% - 1:45
PK Defense
1 - 69% - 60% - 5:29
2 - 31% - 40% - 2:27
PK3 Forward
1 - 0% - 60%
2 - 0% - 40%
PK3 Defense
1 - 0% - 60%
2 - 0% - 40%
44 Forward
1 - 0% - 60%
2 - 0% - 40%
44 Defense
1 - 0% - 60%
2 - 0% - 40%
Last Minute Offensive - 0:00
Last Minute Defensive - 0:00
Total
Forward - 60:00
Defense - 60:00
|
Play-by-Play
1st period
0:01 of 1st period - Nazem Kadri wins face-off versus Mika Zibanejad in neutral zone.
0:12 of 1st period - Snap shot by Marian Gaborik.
0:12 of 1st period - Stopped by Kristers Gudlevskis with a rebound.
0:26 of 1st period - Brian McGrattan is hit by Jean-Gabriel Pageau and loses puck.
0:47 of 1st period - Wrist shot by Kevin Shattenkirk.
0:47 of 1st period - Stopped by Thomas McCollum without a rebound.
0:48 of 1st period - Aleksander Barkov wins face-off versus Henrik Sedin in Devils zone.
1:37 of 1st period - Wrist shot by Henrik Sedin.
1:37 of 1st period - Stopped by Thomas McCollum without a rebound.
1:38 of 1st period - Mika Zibanejad wins face-off versus Nazem Kadri in Devils zone.
1:53 of 1st period - Slapshot by Marian Gaborik.
1:53 of 1st period - Shot Misses the Net.
3:30 of 1st period - Wrist shot by Zach Parise.
3:30 of 1st period - Shot Blocked by Bryce Lampman.
3:32 of 1st period - Snap shot by Zach Parise.
3:32 of 1st period - Shot Misses the Net.
3:42 of 1st period - Slapshot by Cam Fowler.
3:42 of 1st period - Shot Blocked by Eric Tangradi.
3:48 of 1st period - Bryce Lampman is hit by Anton Lander and loses puck.
3:59 of 1st period - Michael Del Zotto is hit by Chris Kreider and loses puck.
5:38 of 1st period - Snap shot by Marian Gaborik.
5:38 of 1st period - Shot Blocked by Mark Stuart.
6:10 of 1st period - Snap shot by Henrik Sedin.
6:10 of 1st period - Shot Blocked by Mark Fistric.
6:30 of 1st period - Slapshot by Zach Parise.
6:30 of 1st period - Stopped by Kristers Gudlevskis with a rebound.
6:32 of 1st period - Snap shot by Brian McGrattan.
6:32 of 1st period - Stopped by Kristers Gudlevskis without a rebound.
6:33 of 1st period - Mika Zibanejad wins face-off versus Nazem Kadri in Canadiens zone.
6:50 of 1st period - Slapshot by Tyler Ennis.
6:50 of 1st period - Stopped by Kristers Gudlevskis with a rebound.
7:55 of 1st period - Snap shot by Aleksander Barkov.
7:55 of 1st period - Stopped by Kristers Gudlevskis with a rebound.
8:15 of 1st period - Michael Del Zotto is hit by Mika Zibanejad and loses puck.
9:34 of 1st period - Slapshot by Marian Gaborik.
9:34 of 1st period - Goal by Marian Gaborik - Canadiens : 0 - Devils : 1.
9:35 of 1st period - Mika Zibanejad wins face-off versus Jamie Arniel in neutral zone.
9:48 of 1st period - Wrist shot by Phil Kessel.
9:48 of 1st period - Deflect By Mika Zibanejad.
9:48 of 1st period - Stopped by Thomas McCollum without a rebound.
9:49 of 1st period - Tyler Ennis wins face-off versus Jean-Gabriel Pageau in Devils zone.
10:05 of 1st period - Minor Penalty to Jean-Gabriel Pageau for Tripping.
10:06 of 1st period - Nazem Kadri wins face-off versus Tyler Kennedy in Canadiens zone.
10:15 of 1st period - Snap shot by Kristopher Letang.
10:15 of 1st period - Deflect By Brian Dumoulin.
10:15 of 1st period - Stopped by Kristers Gudlevskis without a rebound.
10:16 of 1st period - Nazem Kadri wins face-off versus Tyler Kennedy in Canadiens zone.
10:37 of 1st period - Wrist shot by Tyler Ennis.
10:37 of 1st period - Goal by Tyler Ennis - Canadiens : 0 - Devils : 2.
10:38 of 1st period - Mika Zibanejad wins face-off versus Jamie Arniel in neutral zone.
10:49 of 1st period - Slapshot by Kevin Shattenkirk.
10:49 of 1st period - Shot Blocked by Thomas Hickey.
10:51 of 1st period - Slapshot by Kevin Shattenkirk.
10:51 of 1st period - Deflect By Chris Kreider.
10:51 of 1st period - Stopped by Thomas McCollum without a rebound.
10:52 of 1st period - Nazem Kadri wins face-off versus Mika Zibanejad in Devils zone.
10:52 of 1st period - Nazem Kadri is hit by Mark Stuart.
11:48 of 1st period - Snap shot by Anton Lander.
11:48 of 1st period - Stopped by Kristers Gudlevskis with a rebound.
12:02 of 1st period - Slapshot by Henrik Sedin.
12:02 of 1st period - Stopped by Thomas McCollum with a rebound.
12:04 of 1st period - Wrist shot by Tyler Kennedy.
12:04 of 1st period - Stopped by Thomas McCollum without a rebound.
12:05 of 1st period - Henrik Sedin wins face-off versus Jamie Arniel in Devils zone.
12:15 of 1st period - Minor Penalty to Zach Parise for Boarding.
12:16 of 1st period - Mika Zibanejad wins face-off versus Jamie Arniel in Devils zone.
12:18 of 1st period - Wrist shot by Mika Zibanejad.
12:18 of 1st period - Shot Misses the Net.
12:20 of 1st period - Wrist shot by Mika Zibanejad.
12:20 of 1st period - Shot Blocked by Matt Donovan.
12:22 of 1st period - Slapshot by Cam Fowler.
12:22 of 1st period - Shot Misses the Net.
12:54 of 1st period - Michael Del Zotto is hit by Steve Downie and loses puck.
13:13 of 1st period - Eric Tangradi is hit by Mika Zibanejad.
13:44 of 1st period - Icing by Steve Downie.
13:45 of 1st period - Anton Lander wins face-off versus Jean-Gabriel Pageau in Canadiens zone.
13:46 of 1st period - Wrist shot by Brian McGrattan.
13:46 of 1st period - Shot Blocked by Mark Stuart.
13:48 of 1st period - Snap shot by Matt Donovan.
13:48 of 1st period - Deflect By Jean-Gabriel Pageau.
13:48 of 1st period - Stopped by Kristers Gudlevskis with a rebound.
13:58 of 1st period - Jamie Arniel is hit by Chris Kreider and loses puck.
14:11 of 1st period - Cam Fowler is hit by Brian McGrattan.
14:12 of 1st period - Icing by Cam Fowler.
14:13 of 1st period - Mika Zibanejad wins face-off versus Anton Lander in Canadiens zone.
14:15 of 1st period - Penalty to Zach Parise is over, Zach Parise is back on ice.
14:30 of 1st period - Wrist shot by Aleksander Barkov.
14:30 of 1st period - Deflect By Marek Svatos.
14:30 of 1st period - Shot Misses the Net.
14:30 of 1st period - Puck is out of play.
14:31 of 1st period - Aleksander Barkov wins face-off versus Mika Zibanejad in Canadiens zone.
15:27 of 1st period - Snap shot by Henrik Sedin.
15:27 of 1st period - Stopped by Thomas McCollum with a rebound.
15:51 of 1st period - Chris Kreider is hit by Zach Parise and loses puck.
16:12 of 1st period - Wrist shot by Chris Kreider.
16:12 of 1st period - Stopped by Thomas McCollum without a rebound.
16:13 of 1st period - Jean-Gabriel Pageau wins face-off versus Marian Gaborik in Devils zone.
17:08 of 1st period - Slapshot by Cam Fowler.
17:08 of 1st period - Deflect By Jordan Szwarz.
17:08 of 1st period - Shot Blocked by Matt Donovan.
17:08 of 1st period - Puck is out of play.
17:09 of 1st period - Tyler Ennis wins face-off versus Mika Zibanejad in Devils zone.
17:35 of 1st period - Greg Stewart is hit by Brian McGrattan and loses puck.
17:44 of 1st period - Slapshot by Jamie Arniel.
17:44 of 1st period - Shot Misses the Net.
17:46 of 1st period - Wrist shot by Matt Donovan.
17:46 of 1st period - Shot Blocked by Kevin Shattenkirk.
18:22 of 1st period - Snap shot by Marian Gaborik.
18:22 of 1st period - Shot Misses the Net.
18:37 of 1st period - Icing by Mark Fistric.
18:38 of 1st period - Nick Spaling wins face-off versus Jamie Arniel in Devils zone.
19:49 of 1st period - Snap shot by Miikka Salomaki.
19:49 of 1st period - Stopped by Kristers Gudlevskis with a rebound.
19:51 of 1st period - Slapshot by Thomas Hickey.
19:51 of 1st period - Stopped by Kristers Gudlevskis with a rebound.
19:53 of 1st period - Slapshot by Anton Lander.
19:53 of 1st period - Shot Misses the Net.
19:55 of 1st period - Slapshot by Matt Donovan.
19:55 of 1st period - Shot Blocked by Anton Volchenkov.
Goals for this period are 0 for Canadiens vs 2 for Devils.
Shots for this period are 8 for Canadiens vs 12 for Devils.
2nd period
0:01 of 2nd period - Mika Zibanejad wins face-off versus Nazem Kadri in neutral zone.
0:03 of 2nd period - Off-side.
0:04 of 2nd period - Mika Zibanejad wins face-off versus Nazem Kadri in neutral zone.
0:21 of 2nd period - Slapshot by Tyler Ennis.
0:21 of 2nd period - Shot Misses the Net.
0:41 of 2nd period - Wrist shot by Mika Zibanejad.
0:41 of 2nd period - Stopped by Thomas McCollum with a rebound.
0:43 of 2nd period - Slapshot by Bryce Lampman.
0:43 of 2nd period - Stopped by Thomas McCollum without a rebound.
0:44 of 2nd period - Jamie Arniel wins face-off versus Jean-Gabriel Pageau in Devils zone.
0:49 of 2nd period - Snap shot by Zach Parise.
0:49 of 2nd period - Shot Blocked by Jean-Gabriel Pageau.
0:57 of 2nd period - Slapshot by Jean-Gabriel Pageau.
0:57 of 2nd period - Stopped by Thomas McCollum with a rebound.
0:59 of 2nd period - Snap shot by Steve Downie.
0:59 of 2nd period - Goal by Steve Downie - Canadiens : 1 - Devils : 2.
1:00 of 2nd period - Steve Downie wins face-off versus Nazem Kadri in neutral zone.
1:07 of 2nd period - Snap shot by Greg Stewart.
1:07 of 2nd period - Stopped by Thomas McCollum without a rebound.
1:08 of 2nd period - Tyler Ennis wins face-off versus Jean-Gabriel Pageau in Devils zone.
1:15 of 2nd period - Snap shot by Jean-Gabriel Pageau.
1:15 of 2nd period - Stopped by Thomas McCollum without a rebound.
1:16 of 2nd period - Jamie Arniel wins face-off versus Mika Zibanejad in Devils zone.
1:16 of 2nd period - Jamie Arniel is hit by Chris Kreider.
1:32 of 2nd period - Snap shot by Brian McGrattan.
1:32 of 2nd period - Deflect By Zach Parise.
1:32 of 2nd period - Goal by Zach Parise - Canadiens : 1 - Devils : 3.
1:33 of 2nd period - Nazem Kadri wins face-off versus Jean-Gabriel Pageau in neutral zone.
1:39 of 2nd period - Minor Penalty to Jean-Gabriel Pageau for Tripping.
1:40 of 2nd period - Nazem Kadri wins face-off versus Tyler Kennedy in Canadiens zone.
2:24 of 2nd period - Bryce Lampman is hit by Jonathan Huberdeau and loses puck.
3:39 of 2nd period - Penalty to Jean-Gabriel Pageau is over, Jean-Gabriel Pageau is back on ice.
4:40 of 2nd period - Snap shot by Chris Kreider.
4:40 of 2nd period - Stopped by Thomas McCollum without a rebound.
4:41 of 2nd period - Nick Spaling wins face-off versus Aleksander Barkov in Devils zone.
4:42 of 2nd period - Snap shot by Jordan Szwarz.
4:42 of 2nd period - Shot Misses the Net.
4:50 of 2nd period - Bryce Lampman is hit by Michael Del Zotto and loses puck.
5:07 of 2nd period - Nazem Kadri is hit by Mika Zibanejad and loses puck.
6:08 of 2nd period - Chad Larose is hit by Matt Donovan and loses puck.
6:39 of 2nd period - Brian McGrattan is hit by Bryce Lampman and loses puck.
6:58 of 2nd period - Slapshot by Tyler Ennis.
6:58 of 2nd period - Shot Misses the Net.
7:48 of 2nd period - Snap shot by Brian McGrattan.
7:48 of 2nd period - Stopped by Kristers Gudlevskis without a rebound.
7:49 of 2nd period - Jean-Gabriel Pageau wins face-off versus Aleksander Barkov in Canadiens zone.
7:49 of 2nd period - Jean-Gabriel Pageau is hit by Marek Svatos.
7:57 of 2nd period - Wrist shot by Greg Stewart.
7:57 of 2nd period - Shot Blocked by Marek Svatos.
8:47 of 2nd period - Off-side.
8:48 of 2nd period - Jamie Arniel wins face-off versus Nick Spaling in neutral zone.
10:31 of 2nd period - Snap shot by Nick Spaling.
10:31 of 2nd period - Stopped by Thomas McCollum with a rebound.
10:33 of 2nd period - Slapshot by Nick Spaling.
10:33 of 2nd period - Goal by Nick Spaling - Canadiens : 2 - Devils : 3.
10:34 of 2nd period - Jean-Gabriel Pageau wins face-off versus Brian McGrattan in neutral zone.
10:49 of 2nd period - Greg Stewart is hit by Brian McGrattan and loses puck.
11:25 of 2nd period - Cam Fowler is hit by Aleksander Barkov and loses puck.
12:32 of 2nd period - Slapshot by Thomas Hickey.
12:32 of 2nd period - Shot Misses the Net.
12:34 of 2nd period - Wrist shot by Jonathan Huberdeau.
12:34 of 2nd period - Stopped by Kristers Gudlevskis without a rebound.
12:35 of 2nd period - Mika Zibanejad wins face-off versus Jamie Arniel in Canadiens zone.
12:35 of 2nd period - Mika Zibanejad is hit by Kristopher Letang.
13:08 of 2nd period - Wrist shot by Brandon Bollig.
13:08 of 2nd period - Stopped by Thomas McCollum without a rebound.
13:09 of 2nd period - Nazem Kadri wins face-off versus Jean-Gabriel Pageau in Devils zone.
13:09 of 2nd period - Nazem Kadri is hit by Greg Stewart.
13:23 of 2nd period - Wrist shot by Nazem Kadri.
13:23 of 2nd period - Deflect By Tyler Ennis.
13:23 of 2nd period - Shot Misses the Net.
13:23 of 2nd period - Puck is out of play.
13:24 of 2nd period - Phil Kessel wins face-off versus Aleksander Barkov in Canadiens zone.
14:04 of 2nd period - Minor Penalty to Kevin Shattenkirk for Tripping.
14:05 of 2nd period - Nazem Kadri wins face-off versus Jean-Gabriel Pageau in Canadiens zone.
14:42 of 2nd period - Snap shot by Aleksander Barkov.
14:42 of 2nd period - Shot Misses the Net.
16:04 of 2nd period - Penalty to Kevin Shattenkirk is over, Kevin Shattenkirk is back on ice.
16:31 of 2nd period - Icing by Anton Stralman.
16:32 of 2nd period - Anton Lander wins face-off versus Jean-Gabriel Pageau in Devils zone.
17:04 of 2nd period - Wrist shot by Chris Kreider.
17:04 of 2nd period - Stopped by Thomas McCollum without a rebound.
17:05 of 2nd period - Henrik Sedin wins face-off versus Nazem Kadri in Devils zone.
17:27 of 2nd period - Icing by Michael Del Zotto.
17:28 of 2nd period - Jamie Arniel wins face-off versus Mika Zibanejad in Devils zone.
17:58 of 2nd period - Slapshot by Kristopher Letang.
17:58 of 2nd period - Deflect By Marek Svatos.
17:58 of 2nd period - Shot Misses the Net.
17:58 of 2nd period - Puck is out of play.
17:59 of 2nd period - Aleksander Barkov wins face-off versus Jean-Gabriel Pageau in Canadiens zone.
18:12 of 2nd period - Backhand shot by Aleksander Barkov.
18:12 of 2nd period - Stopped by Kristers Gudlevskis with a rebound.
18:14 of 2nd period - Wrist shot by Marek Svatos.
18:14 of 2nd period - Shot Blocked by Steve Downie.
18:28 of 2nd period - Wrist shot by Marian Gaborik.
18:28 of 2nd period - Goal by Marian Gaborik - Canadiens : 2 - Devils : 4.
18:28 of 2nd period - Allen York enters game.
18:29 of 2nd period - Nazem Kadri wins face-off versus Jean-Gabriel Pageau in neutral zone.
19:01 of 2nd period - Phil Kessel is hit by Mark Fistric.
19:02 of 2nd period - Icing by Phil Kessel.
19:03 of 2nd period - Nazem Kadri wins face-off versus Mika Zibanejad in Canadiens zone.
19:39 of 2nd period - Slapshot by Steve Downie.
19:39 of 2nd period - Stopped by Thomas McCollum without a rebound.
19:40 of 2nd period - Nazem Kadri wins face-off versus Chris Kreider in Devils zone.
19:40 of 2nd period - Tyler Ennis is hit by Mika Zibanejad and loses puck.
19:43 of 2nd period - Minor Penalty to Nazem Kadri for Hooking.
19:44 of 2nd period - Mika Zibanejad wins face-off versus Jamie Arniel in Devils zone.
19:45 of 2nd period - Wrist shot by Chris Kreider.
19:45 of 2nd period - Stopped by Thomas McCollum with a rebound.
19:55 of 2nd period - Snap shot by Jamie Arniel.
19:55 of 2nd period - Stopped by Allen York with a rebound.
Goals for this period are 2 for Canadiens vs 2 for Devils.
Shots for this period are 13 for Canadiens vs 6 for Devils.
3rd period
0:01 of 3rd period - Mika Zibanejad wins face-off versus Jamie Arniel in neutral zone.
0:16 of 3rd period - Slapshot by Chris Kreider.
0:16 of 3rd period - Stopped by Thomas McCollum without a rebound.
0:17 of 3rd period - Mika Zibanejad wins face-off versus Jamie Arniel in Devils zone.
0:40 of 3rd period - Snap shot by Jean-Gabriel Pageau.
0:40 of 3rd period - Shot Misses the Net.
0:42 of 3rd period - Wrist shot by Steve Downie.
0:42 of 3rd period - Stopped by Thomas McCollum with a rebound.
0:44 of 3rd period - Snap shot by Jean-Gabriel Pageau.
0:44 of 3rd period - Stopped by Thomas McCollum without a rebound.
0:45 of 3rd period - Jamie Arniel wins face-off versus Mika Zibanejad in Devils zone.
1:02 of 3rd period - Snap shot by Anton Lander.
1:02 of 3rd period - Deflect By Brian McGrattan.
1:02 of 3rd period - Goal by Brian McGrattan - Canadiens : 2 - Devils : 5.
1:03 of 3rd period - Jamie Arniel wins face-off versus Mika Zibanejad in neutral zone.
1:06 of 3rd period - Snap shot by Jamie Arniel.
1:06 of 3rd period - Shot Misses the Net.
1:08 of 3rd period - Wrist shot by Zach Parise.
1:08 of 3rd period - Shot Misses the Net.
1:10 of 3rd period - Snap shot by Jamie Arniel.
1:10 of 3rd period - Shot Blocked by Phil Kessel.
1:12 of 3rd period - Snap shot by Zach Parise.
1:12 of 3rd period - Shot Blocked by Cam Fowler.
1:14 of 3rd period - Backhand shot by Zach Parise.
1:14 of 3rd period - Shot Misses the Net.
1:16 of 3rd period - Wrist shot by Zach Parise.
1:16 of 3rd period - Shot Misses the Net.
1:18 of 3rd period - Slapshot by Anton Stralman.
1:18 of 3rd period - Deflect By Kevin Shattenkirk.
1:18 of 3rd period - Stopped by Allen York with a rebound.
1:36 of 3rd period - Matt Donovan is hit by Greg Stewart and loses puck.
1:43 of 3rd period - Penalty to Nazem Kadri is over, Nazem Kadri is back on ice.
1:43 of 3rd period - Snap shot by Brian McGrattan.
1:43 of 3rd period - Stopped by Allen York without a rebound.
1:44 of 3rd period - Tyler Ennis wins face-off versus Jean-Gabriel Pageau in Canadiens zone.
1:51 of 3rd period - Backhand shot by Greg Stewart.
1:51 of 3rd period - Stopped by Thomas McCollum with a rebound.
1:53 of 3rd period - Snap shot by Steve Downie.
1:53 of 3rd period - Deflect By Jean-Gabriel Pageau.
1:53 of 3rd period - Stopped by Thomas McCollum with a rebound.
1:55 of 3rd period - Wrist shot by Steve Downie.
1:55 of 3rd period - Stopped by Thomas McCollum with a rebound.
2:26 of 3rd period - Minor Penalty to Mark Fistric for Interference.
2:27 of 3rd period - Jamie Arniel wins face-off versus Mika Zibanejad in Devils zone.
2:53 of 3rd period - Anton Stralman is hit by Steve Downie and loses puck.
4:26 of 3rd period - Penalty to Mark Fistric is over, Mark Fistric is back on ice.
4:45 of 3rd period - Wrist shot by Nick Spaling.
4:45 of 3rd period - Shot Misses the Net.
4:47 of 3rd period - Slapshot by Jordan Szwarz.
4:47 of 3rd period - Shot Misses the Net.
5:21 of 3rd period - Snap shot by Jonathan Huberdeau.
5:21 of 3rd period - Stopped by Allen York with a rebound.
5:47 of 3rd period - Henrik Sedin is hit by Matt Donovan.
6:02 of 3rd period - Steve Downie is hit by Thomas Hickey and loses puck.
6:47 of 3rd period - Wrist shot by Nazem Kadri.
6:47 of 3rd period - Stopped by Allen York with a rebound.
6:49 of 3rd period - Slapshot by Anton Stralman.
6:49 of 3rd period - Goal by Anton Stralman - Canadiens : 2 - Devils : 6.
6:50 of 3rd period - Mika Zibanejad wins face-off versus Jamie Arniel in neutral zone.
7:26 of 3rd period - Snap shot by Greg Stewart.
7:26 of 3rd period - Stopped by Thomas McCollum with a rebound.
7:28 of 3rd period - Snap shot by Jean-Gabriel Pageau.
7:28 of 3rd period - Goal by Jean-Gabriel Pageau - Canadiens : 3 - Devils : 6.
7:29 of 3rd period - Mika Zibanejad wins face-off versus Jamie Arniel in neutral zone.
7:32 of 3rd period - Jamie Arniel is hit by Mark Stuart and loses puck.
7:37 of 3rd period - Wrist shot by Chris Kreider.
7:37 of 3rd period - Stopped by Thomas McCollum with a rebound.
8:02 of 3rd period - Wrist shot by Tyler Ennis.
8:02 of 3rd period - Stopped by Allen York with a rebound.
8:44 of 3rd period - Snap shot by Jean-Gabriel Pageau.
8:44 of 3rd period - Deflect By Greg Stewart.
8:44 of 3rd period - Shot Blocked by Michael Del Zotto.
8:44 of 3rd period - Puck is out of play.
8:45 of 3rd period - Zach Parise wins face-off versus Mika Zibanejad in Devils zone.
9:15 of 3rd period - Thomas Hickey is hit by Chris Kreider and loses puck.
9:24 of 3rd period - Jonathan Huberdeau is hit by Chris Kreider.
9:32 of 3rd period - Thomas Hickey is hit by Anton Volchenkov and loses puck.
10:03 of 3rd period - Wrist shot by Phil Kessel.
10:03 of 3rd period - Shot Misses the Net.
10:25 of 3rd period - Wrist shot by Mika Zibanejad.
10:25 of 3rd period - Deflect By Brian McGrattan.
10:25 of 3rd period - Shot Misses the Net.
10:25 of 3rd period - Puck is out of play.
10:26 of 3rd period - Nazem Kadri wins face-off versus Jean-Gabriel Pageau in Devils zone.
10:26 of 3rd period - Nazem Kadri is hit by Steve Downie.
10:29 of 3rd period - Minor Penalty to Nazem Kadri for Roughing.
10:30 of 3rd period - Steve Downie wins face-off versus Jamie Arniel in Devils zone.
10:44 of 3rd period - Wrist shot by Steve Downie.
10:44 of 3rd period - Shot Blocked by Matt Donovan.
10:46 of 3rd period - Wrist shot by Jean-Gabriel Pageau.
10:46 of 3rd period - Shot Misses the Net.
11:17 of 3rd period - Off-side.
11:18 of 3rd period - Henrik Sedin wins face-off versus Anton Lander in neutral zone.
11:38 of 3rd period - Snap shot by Jordan Szwarz.
11:38 of 3rd period - Deflect By Henrik Sedin.
11:38 of 3rd period - Stopped by Thomas McCollum with a rebound.
12:15 of 3rd period - Kevin Shattenkirk is hit by Zach Parise and loses puck.
12:24 of 3rd period - Slapshot by Kevin Shattenkirk.
12:24 of 3rd period - Shot Misses the Net.
12:29 of 3rd period - Penalty to Nazem Kadri is over, Nazem Kadri is back on ice.
12:42 of 3rd period - Snap shot by Nazem Kadri.
12:42 of 3rd period - Stopped by Allen York without a rebound.
12:43 of 3rd period - Jean-Gabriel Pageau wins face-off versus Nazem Kadri in Canadiens zone.
12:52 of 3rd period - Snap shot by Greg Stewart.
12:52 of 3rd period - Deflect By Nazem Kadri.
12:52 of 3rd period - Stopped by Thomas McCollum with a rebound.
12:54 of 3rd period - Snap shot by Steve Downie.
12:54 of 3rd period - Deflect By Tyler Ennis.
12:54 of 3rd period - Stopped by Thomas McCollum without a rebound.
12:55 of 3rd period - Nazem Kadri wins face-off versus Mika Zibanejad in Devils zone.
13:47 of 3rd period - Phil Kessel is hit by Kristopher Letang and loses puck.
13:54 of 3rd period - Snap shot by Anton Lander.
13:54 of 3rd period - Shot Misses the Net.
13:56 of 3rd period - Slapshot by Kristopher Letang.
13:56 of 3rd period - Stopped by Allen York without a rebound.
13:57 of 3rd period - Nazem Kadri wins face-off versus Jean-Gabriel Pageau in Canadiens zone.
13:58 of 3rd period - Snap shot by Marian Gaborik.
13:58 of 3rd period - Shot Misses the Net.
14:00 of 3rd period - Slapshot by Michael Del Zotto.
14:00 of 3rd period - Stopped by Allen York without a rebound.
14:01 of 3rd period - Jean-Gabriel Pageau wins face-off versus Nazem Kadri in Canadiens zone.
14:07 of 3rd period - Off-side.
14:08 of 3rd period - Jonathan Huberdeau wins face-off versus Mika Zibanejad in neutral zone.
14:25 of 3rd period - Wrist shot by Phil Kessel.
14:25 of 3rd period - Stopped by Thomas McCollum without a rebound.
14:26 of 3rd period - Jean-Gabriel Pageau wins face-off versus Tyler Ennis in Devils zone.
15:08 of 3rd period - Wrist shot by Nazem Kadri.
15:08 of 3rd period - Shot Misses the Net.
15:10 of 3rd period - Snap shot by Nazem Kadri.
15:10 of 3rd period - Shot Misses the Net.
15:30 of 3rd period - Wrist shot by Tyler Kennedy.
15:30 of 3rd period - Goal by Tyler Kennedy - Canadiens : 4 - Devils : 6.
15:31 of 3rd period - Mika Zibanejad wins face-off versus Aleksander Barkov in neutral zone.
15:34 of 3rd period - Snap shot by Chris Kreider.
15:34 of 3rd period - Shot Misses the Net.
15:42 of 3rd period - Snap shot by Mika Zibanejad.
15:42 of 3rd period - Stopped by Thomas McCollum with a rebound.
15:44 of 3rd period - Wrist shot by Mika Zibanejad.
15:44 of 3rd period - Stopped by Thomas McCollum with a rebound.
15:58 of 3rd period - Cam Fowler is hit by Kristopher Letang.
16:20 of 3rd period - Slapshot by Brian McGrattan.
16:20 of 3rd period - Shot Misses the Net.
16:28 of 3rd period - Mark Fistric is hit by Cam Fowler and loses puck.
16:44 of 3rd period - Bryce Lampman is hit by Mark Fistric and loses puck.
16:59 of 3rd period - Wrist shot by Henrik Sedin.
16:59 of 3rd period - Stopped by Thomas McCollum with a rebound.
17:04 of 3rd period - Off-side.
17:05 of 3rd period - Mika Zibanejad wins face-off versus Aleksander Barkov in neutral zone.
17:18 of 3rd period - Wrist shot by Kristopher Letang.
17:18 of 3rd period - Deflect By Marek Svatos.
17:18 of 3rd period - Stopped by Allen York with a rebound.
17:20 of 3rd period - Slapshot by Anton Stralman.
17:20 of 3rd period - Stopped by Allen York without a rebound.
17:21 of 3rd period - Jean-Gabriel Pageau wins face-off versus Tyler Ennis in Canadiens zone.
17:21 of 3rd period - Jean-Gabriel Pageau is hit by Tyler Ennis.
17:48 of 3rd period - Anton Stralman is hit by Kevin Shattenkirk and loses puck.
18:09 of 3rd period - Snap shot by Eric Tangradi.
18:09 of 3rd period - Shot Blocked by Brian Dumoulin.
18:11 of 3rd period - Backhand shot by Eric Tangradi.
18:11 of 3rd period - Stopped by Allen York without a rebound.
18:12 of 3rd period - Anton Lander wins face-off versus Henrik Sedin in Canadiens zone.
18:49 of 3rd period - Slapshot by Cam Fowler.
18:49 of 3rd period - Stopped by Thomas McCollum with a rebound.
18:58 of 3rd period - Off-side.
18:59 of 3rd period - Aleksander Barkov wins face-off versus Mika Zibanejad in neutral zone.
Goals for this period are 2 for Canadiens vs 2 for Devils.
Shots for this period are 18 for Canadiens vs 13 for Devils.